 Dungeon Crawl Stone Soup version 0.30.1-9-gdf580d7c3d (webtiles) character file.

Game seed: 2478313749345366894

352 monsoonserge the Shooter (level 6, -3/30 HPs)
             Began as a Spriggan Hunter on Sept 25, 2023.
             Slain by a killer bee (8 damage)
             ... on level 3 of the Dungeon.
             The game lasted 00:07:03 (2538 turns).

monsoonserge the Shooter (Spriggan Hunter)          Turns: 2538, Time: 00:07:04

Health: -3/30      AC:  2    Str: 10 (13) XL:     6   Next: 34%
Magic:  7/7        EV: 18    Int: 10 (11) God:
Gold:   178        SH:  0    Dex: 18 (20) Spells: 5/5 levels left

rFire   . . .        a - +0 shortbow
rCold   . . .        (shield currently unavailable)
rNeg    . . .        c - +0 robe
rPois   .            (helmet restricted)
rElec   .            (no cloak)
rCorr   .            (gloves unavailable)
SInv    +            (boots unavailable)
Will    +....        (no amulet)
Stlth   ++           h - +6 ring of strength
HPRegen 0.25/turn    (no ring)
MPRegen 0.10/turn

%: no passive effects
@: lethally poisoned (-3 -> -6), very quick
A: very small, no large weapons, unfitting armour, see invisible, speed 3
a: no special abilities


You were on level 3 of the Dungeon.
You visited 1 branch of the dungeon, and saw 4 of its levels.

You collected 178 gold pieces.

Inventory:

Hand Weapons
 a - a +0 shortbow (weapon)
Armour
 c - a +0 robe (worn)
Magical Staves
 r - a staff of cold
Jewellery
 h - a +6 ring of strength (left hand)
Scrolls
 b - a scroll of immolation
 d - 2 scrolls of amnesia {unknown}
 e - a scroll of torment {unknown}
 f - 2 scrolls of poison {unknown}
 j - a scroll of magic mapping {unknown}
 l - 3 scrolls of identify {unknown}
 o - 2 scrolls of teleportation {unknown}
 s - a scroll of blinking {unknown}
 u - a scroll of enchant weapon {unknown}
Potions
 g - a potion of berserk rage {unknown}
 i - a potion of curing {unknown}
 k - a potion of brilliance {unknown}
 m - a potion of resistance {unknown}
 n - a potion of degeneration
 p - a potion of attraction {unknown}
 q - a potion of heal wounds
 t - a potion of might {unknown}
 v - a potion of invisibility {unknown}
 w - a potion of flight {unknown}


   Skills:
 + Level 2.2 Fighting
 + Level 7.2 Ranged Weapons
 + Level 3.5 Dodging
 + Level 1.6 Stealth


You had 5 spell levels left.
You didn't know any spells.
Your spell library contained the following spells:

 Spells                   Type           Power      Damage    Failure   Level
 Cigotuvi's Dreadful Rot  Necr/Pois/Air  0%         N/A       50%         2
 Ignite Poison            Fire/Tmut/Pois 0%         N/A       75%         3
 Freezing Cloud           Conj/Ice/Air   0%         6-21      100%        5


Dungeon Overview and Level Annotations

Branches:
Dungeon (4/15)
 Temple: D:4-7

Altars:
Cheibriados
Ru
Uskayaw


Innate Abilities, Weirdness & Mutations

You are very small and have problems with some larger weapons.
You are too small for most types of armour.
You have supernaturally acute eyesight. (SInv)
You cover ground extremely quickly. (Speed+++)


Message History

You climb upwards.
You feel sick.
You are no longer poisoned.
There is a stone staircase leading down here.
Your movement speed is very quick.
Your attack delay is about 1.1.
Your damage rating with your +0 shortbow is about 13 (Base 9 x 125% (Dex) x 118% (Skill)).
Your base attributes are Str 7, Int 11, Dex 20.
You shoot an arrow. The arrow barely misses the killer bee.
The killer bee misses you. The killer bee barely misses you.
The killer bee stings you.
* * * LOW HITPOINT WARNING * * *
It was a potion of degeneration.
There was something very wrong with that liquid.
You feel weakened.
You feel dopey.
You feel clumsy.
The killer bee completely misses you. x2
It was a potion of heal wounds.
You feel much better. The killer bee completely misses you.
The killer bee barely misses you.
You shoot an arrow. The arrow misses the killer bee.
The killer bee barely misses you. x2
You shoot an arrow. The arrow barely misses the killer bee.
The killer bee closely misses you. The killer bee misses you.
You shoot an arrow. The arrow misses the killer bee.
The killer bee barely misses you. The killer bee stings you!
The killer bee barely misses you.
You shoot an arrow. The arrow hits the killer bee.
The killer bee is heavily wounded.
The killer bee stings you. The killer bee barely misses you.
You shoot an arrow.
The arrow hits the killer bee but does no damage.
The killer bee is heavily wounded.
The killer bee barely misses you. The killer bee stings you.
You shoot an arrow. The arrow hits the killer bee.
The killer bee is severely wounded.
The killer bee stings you.
* * * LOW HITPOINT WARNING * * *
You are poisoned.
The killer bee poisons you! The killer bee completely misses you.
You shoot an arrow. The arrow barely misses the killer bee.
* * * LOW HITPOINT WARNING * * *
You feel sick. The killer bee misses you. The killer bee stings you!
You die...

######.### ########## ##>##
#.# #.....##.###...##
#.#####.###.#.........#
#....)....#.##.###...##
#######.#.#.##.##.....#
#.....##.##.....###
###.#.............#
##############.#.##.##)....#.#
#≈#..).........#@##.##.....#.#
#≈#.############y##.####.###.#
.~..# #.##.# #..# #.# .~.>#
#.##.###.## #.# .~..#
#.#...##.####.# #≈#.#
#...#.........# #≈#.# ###
#.#...##.†#####
#≈#.########.###.##.###..#
###......##...##.##.# #..#


You could see a killer bee.

Vanquished Creatures
  A scorpion (D:2)
  A killer bee (D:4)
  An iron imp (D:3)
  An orc wizard (D:3)
  Robin (D:3)
  4 gnolls (D:3)
  6 adders
  2 worms (D:2)
  A dart slug (D:1)
  6 orcs (D:3)
  3 ball pythons
  7 endoplasms
  3 giant cockroaches
  8 goblins
  9 hobgoblins
  2 jackals (D:3)
  10 kobolds
  A quokka (D:2)
  6 bats
  2 frilled lizards
  4 rats
79 creatures vanquished.

Notes
Turn   | Place    | Note
-------+----------+-------------------------------------------
     0 | D:1      | monsoonserge the Spriggan Hunter began the quest for the
                  | Orb.
     0 | D:1      | Reached XP level 1. HP: 10/10 MP: 2/2
    83 | D:1      | Reached XP level 2. HP: 14/14 MP: 3/3
   267 | D:1      | Found a faded altar of an unknown god.
   681 | D:2      | Reached XP level 3. HP: 18/18 MP: 4/4
   882 | D:2      | Reached skill level 5 in Ranged Weapons
   891 | D:2      | Found a sacrificial altar of Ru.
  1332 | D:2      | Noticed a scorpion
  1335 | D:2      | Reached XP level 4. HP: 23/23 MP: 5/5
  1343 | D:2      | Killed a scorpion
  1350 | D:2      | Reached XP level 5. HP: 26/26 MP: 6/6
  1450 | D:3      | Found a snail-covered altar of Cheibriados.
  1595 | D:3      | Reached skill level 6 in Ranged Weapons
  1981 | D:3      | Found a hide-covered altar of Uskayaw.
  2052 | D:3      | Noticed Robin
  2059 | D:3      | Killed Robin
  2292 | D:3      | Reached XP level 6. HP: 30/30 MP: 7/7
  2522 | D:4      | Reached skill level 7 in Ranged Weapons
  2538 | D:3      | Slain by a killer bee

Illustrated notes

Levels and vault maps discovered:
D:1:      dpeg_arrival_pond, layout_basic, hellmonk_ecumenical_altar_crossroads
D:2:      layout_basic, basic_altar, minmay_divided_ellipse
D:3:      layout_loops_ring, slow_altar_1, mainiacjoe_overflow_paths,
          chequers_serial_rivers_micro_a, uniq_robin
D:4:      layout_loops_ring, serial_shops, nicolae_shop_behind_doors, shop

Skill      XL: |  1  2  3  4  5  6 |
---------------+-------------------+-----
Dodging        | 3 |  3.5
Ranged Weapons | 5 6 7 |  7.2
Fighting       | 2 |  2.2
Stealth        | |  1.6

Action                     |  1- 3 |  4- 6 || total
---------------------------+-------+-------++-------
  Melee: Shortbow          |       |     3 ||     3
   Fire: Shortbow          |   106 |   145 ||   251
    Use: Potion            |       |     2 ||     2
 Armour: Robe              |     9 |     7 ||    16
  Dodge: Dodged            |    56 |    77 ||   133
